 Dungeon Crawl Stone Soup version 0.27.1-1-g398f81649c (webtiles) character file.

Game seed: 18336623654374813111

56 hawla the Grave Robber (level 3, -1/30 HPs)
             Began as a Deep Elf Necromancer on Sept 5, 2021.
             Slain by a kobold (2 damage)
             ... on level 3 of the Dungeon.
             The game lasted 00:06:36 (2365 turns).

hawla the Grave Robber (Deep Elf Necromancer)       Turns: 2365, Time: 00:06:36

Health: -1/30      AC:  2    Str:  5    XL:     3   Next: 69%
Magic:  9/9        EV: 13    Int: 20    God:
Gold:   82         SH:  0    Dex: 15    Spells: 4/8 levels left

rFire    . . .     SeeInvis .   g - +2 short sword (speed)
rCold    . . .     Faith    .   (no shield)
rNeg     . . .     Spirit   .   a - +0 robe
rPois    .         Reflect  .   (no helmet)
rElec    .         Harm     .   (no cloak)
rCorr    .         Rampage  .   (no gloves)
Will     .....                  (no boots)
Stlth    ..........             d - amulet of regeneration
HPRegen  1.10/turn              (no ring)
MPRegen  0.11/turn              (no ring)

@: berserking, very quick
A: no striking features
a: no special abilities


You were on level 3 of the Dungeon.
You visited 1 branch of the dungeon, and saw 3 of its levels.

You collected 82 gold pieces.

Inventory:

Hand Weapons
 g - a +2 short sword of speed (weapon)
Missiles
 e - 5 silver boomerangs
 h - 24 poisoned darts (quivered)
Armour
 a - a +0 robe (worn)
Jewellery
 d - an amulet of regeneration (around neck)
Scrolls
 b - a scroll of acquirement {unknown}
 f - a scroll of noise {unknown}
 i - a scroll of magic mapping {unknown}


   Skills:
 - Level 1.1 Fighting
 - Level 3.2 Dodging
 - Level 3.3 Stealth
 - Level 3.0 Spellcasting
 + Level 5.4 Necromancy


You had 4 spell levels left.
You knew the following spells:

 Your Spells              Type           Power      Damage    Failure   Level
a - Pain                  Necr           96%        1d8       1%          1
b - Vampiric Draining     Necr           12%        2d7       4%          3

Your spell library contained the following spells:

 Spells                   Type           Power      Damage    Failure   Level
 Animate Skeleton         Necr           48%        N/A       1%          1
 Animate Dead             Necr           12%        N/A       16%         4
 Agony                    Necr           24%        N/A       38%         5


Dungeon Overview and Level Annotations

Branches:
Dungeon (3/15)

Altars:
Xom


Message History

You climb downwards.
The orc hits you but does no damage.
The orc wizard gestures at you while chanting.
You are confused.
The orc wizard barely misses you. The orc misses you. x2
There is a stone staircase leading up here.
The orc wizard closely misses you. The orc wizard barely misses you.
The orc misses you. The orc barely misses you.
In your confused state, you trip and fall back down the stairs.
The orc wizard hits you with a +0 dagger.
The orc hits you with a +0 hand axe. The orc wizard barely misses you.
The orc closely misses you.
Unknown command.
You're too confused to cast spells.
You hit the orc wizard.
The orc wizard is moderately wounded.
The orc wizard misses you.
There are monsters nearby!
You're too confused to cast spells.
The orc hits you with a +0 hand axe.
A dart slug comes into view.
A red film seems to cover your vision as you go berserk!
You feel yourself moving faster!
You feel mighty! The orc misses you. The kobold hits you with a +0 dagger.
The orc wizard closely misses you.
You barely miss the orc wizard.
The orc wizard is moderately wounded.
The orc hits you with a +0 dagger. The kobold hits you but does no damage.
You barely miss the orc wizard.
The orc wizard is moderately wounded.
You barely miss the orc wizard.
The orc wizard points at you and mumbles some strange words.
The magic dart hits you!
* * * LOW HITPOINT WARNING * * *
The orc hits you with a +0 dagger.
* * * LOW HITPOINT WARNING * * *
The orc closely misses you.
You hit the orc.
The orc is almost dead.
You feel less confused. The kobold hits you with a +0 dagger.
You die...

.# .# .##
..# ..##
##...##
##...[.##
##oo.....#
#.@o.......
#.oK.......
#w........#
.........##
####......#
##......#
####.## .#


You could see 2 orc wizards, a dart slug, 2 orcs and a kobold.

Vanquished Creatures
  An adder (D:2)
  A worm (D:2)
  2 dart slugs (D:1)
  An orc (D:2)
  8 bats
  3 endoplasms
  2 giant cockroaches (D:1)
  3 hobgoblins (D:1)
  A quokka (D:1)
  6 ball pythons (D:1)
  4 frilled lizards
  2 goblins
  3 kobolds (D:2)
  3 rats
40 creatures vanquished.

Notes
Turn   | Place    | Note
-------+----------+-------------------------------------------
     0 | D:1      | hawla the Deep Elf Necromancer began the quest for the Orb.
     0 | D:1      | Reached XP level 1. HP: 10/10 MP: 6/6
   176 | D:1      | You fall into a shaft and drop 1 floor!
   279 | D:1      | Reached XP level 2. HP: 13/16 MP: 5/8
   748 | D:1      | Found a faded altar of an unknown god.
   958 | D:1      | Reached skill level 1 in Fighting
  1102 | D:1      | Reached XP level 3. HP: 19/20 MP: 7/9
  1109 | D:1      | Learned a level 3 spell: Vampiric Draining
  1518 | D:2      | Found a shimmering altar of Xom.
  1679 | D:2      | Reached skill level 5 in Necromancy
  2364 | D:3      | HP: 1/30 [orc (1)]
  2365 | D:3      | Slain by a kobold

Illustrated notes

Levels and vault maps discovered:
D:1:      mrwooster_arrival_statue, layout_loops_ring,
          hellmonk_ecumenical_altar_leap_of_faith, minmay_pentomino_r4
D:2:      layout_basic, basic_altar
D:3:      layout_loops_ring, mainiacjoe_overflow_catwalk, uniq_natasha,
          uniq_crazy_yiuf_cottage, uniq_sigmund

Skill      XL: |  1  2  3 |
---------------+----------+-----
Stealth        | 3 |  3.3
Dodging        | 3 |  3.2
Fighting       | 1 |  1.1
Necromancy     | 5 |  5.4
Spellcasting   | |  3.0

Action                   || total
-------------------------++-------
Melee: Unarmed           ||     3
       Short sword       ||    12
 Cast: Pain              ||    58
       Vampiric Draining ||     2
  Use: Scroll            ||     4
       Potion            ||     1
 Stab: Sleeping          ||     2
Armor: Robe              ||     4
Dodge: Dodged            ||    32
